 Dungeon Crawl Stone Soup version 0.21.1-1-g345015f (webtiles) character file.

65 stankywizzleteets the Shield-Bearer (level 4, -1/37 HPs)
             Began as a Formicid Fighter on June 16, 2018.
             Slain by a gnoll
             ... wielding a +0 spear
              (5 damage)
             ... on level 2 of the Dungeon on June 17, 2018.
             The game lasted 00:10:24 (982 turns).

stankywizzleteets the Shield-Bearer (FoFi)           Turns: 982, Time: 00:10:24

Health: -1/37      AC:  7    Str: 22    XL:     4   Next: 35%
Magic:  4/4        EV:  9    Int:  5    God:
Gold:   92         SH: 10    Dex: 12    Spells: 3/3 levels left

rFire    . . .     SeeInvis +   a - +0 trident
rCold    . . .     Gourm    .   c - +0 shield
rNeg     . . .     Faith    +   b - +0 scale mail
rPois    .         Spirit   .   (helmet unavailable)
rElec    .         Reflect  .   (no cloak)
rCorr    .         Harm     .   (no gloves)
MR       .....                  (no boots)
Stlth    ..........             h - amulet of faith
HPRegen  0.12/turn              (no ring)
MPRegen  0.09/turn              (no ring)

@: no status effects
A: permanent stasis, dig shafts and tunnels, four strong arms, antennae 3, agile
1, dopey 1, sense surroundings 1, sturdy frame 1
a: Dig, Shaft Self


You were on level 2 of the Dungeon.
You were not hungry.

You visited 1 branch of the dungeon, and saw 2 of its levels.

You collected 92 gold pieces.

Inventory:

Hand Weapons
 a - a +0 trident (weapon)
Armour
 b - a +0 scale mail (worn)
 c - a +0 shield (worn)
Jewellery
 h - an amulet of faith (around neck)
Scrolls
 e - a scroll of teleportation {unknown}
 g - 2 scrolls of magic mapping {unknown}
 i - a scroll of amnesia {unknown}
 j - a scroll of immolation {unknown}
Potions
 d - a potion of might
Comestibles
 f - a ration


   Skills:
 + Level 3.8 Fighting
 + Level 2.7 Polearms
 + Level 3.8 Armour
 + Level 1.0 Dodging
 + Level 4.1 Shields


You had 3 spell levels left.
You didn't know any spells.

Dungeon Overview and Level Annotations

Branches:
Dungeon (2/15)

Altars:


Innate Abilities, Weirdness & Mutations

You cannot be hasted, slowed, berserked, paralysed or teleported.
You can dig through walls and to a lower floor.
Your four strong arms can wield two-handed weapons with a shield.
You have a pair of large antennae on your head. (SInv)
You are agile. (Dex +2)
You are dopey. (Int -2)
You passively map a small area around you.
Your movements are slightly less encumbered by armour. (ER -2)


Message History

You block the rat's attack. The gnoll hits you with a spear!
* * * LOW HITPOINT WARNING * * *
The rat bites you but does no damage. The gnoll closely misses you.
You block the rat's attack.
Found a scroll labeled DIQYMY COIJE.
You see here a halberd.
The gnoll closely misses you. The gnoll barely misses you.
It was a potion of mutation.
You feel extremely strange.
You feel less encumbered by your armour.
You feel a strange attunement to the structure of the dungeons.
You feel stupid.
You feel agile. The gnoll hits you but does no damage.
You block the rat's attack.
You hit the rat.
You kill the rat!
You block the gnoll's attack. The gnoll hits you but does no damage.
You see here a rat corpse.
The gnoll hits you with a spear.
You die...

* ##########
#..?.....### .
#.........., .
#........# *# #. * ###
#........####.#.######..
#....>.†................
#......@g.#...#.........
#.........##.####...#...
#......).....# #.[.#...
#......).##### ##...##..
#........# #.....#..
#######.## #.....#..
#..# #.....##. ###.#
#...†.##. #...#
#.....##.


You could see a gnoll.

Vanquished Creatures
  3 gnolls
  3 dart slugs (D:1)
  A ball python (D:1)
  A giant cockroach (D:2)
  3 goblins (D:1)
  6 hobgoblins (D:1)
  A kobold (D:1)
  7 bats (D:1)
  3 frilled lizards
  6 rats
  2 toadstools (D:1)
36 creatures vanquished.

Vanquished Creatures (others)
  2 toadstools (D:1)
2 creatures vanquished.

Grand Total: 38 creatures vanquished

Notes
Turn   | Place    | Note
-------+----------+-------------------------------------------
     0 | D:1      | stankywizzleteets the Formicid Fighter began the quest for the Orb.
     0 | D:1      | Reached XP level 1. HP: 18/18 MP: 1/1
    63 | D:1      | Reached XP level 2. HP: 5/24 MP: 2/2
   361 | D:1      | Reached skill level 4 in Shields
   420 | D:1      | Reached XP level 3. HP: 24/29 MP: 3/3
   518 | D:1      | Reached skill level 1 in Dodging
   968 | D:2      | Reached XP level 4. HP: 26/36 MP: 4/4
   979 | D:2      | Gained mutation: Your movements are slightly less encumbered by armour. (ER -2) [potion of mutation]
   979 | D:2      | Gained mutation: You passively map a small area around you. [potion of mutation]
   979 | D:2      | Gained mutation: You are dopey. (Int -2) [potion of mutation]
   979 | D:2      | Gained mutation: You are agile. (Dex +2) [potion of mutation]
   982 | D:2      | Slain by a gnoll

Skill      XL: |  1  2  3 |
---------------+----------+-----
Shields        | 4 |  4.1
Dodging        | 1 |  1.0
Fighting       | |  3.8
Polearms       | |  2.7
Armour         | |  3.8

Action                   |  1- 3 |  4- 6 || total
-------------------------+-------+-------++-------
Melee: Trident           |   120 |     5 ||   125
 Abil: Dig               |     8 |       ||     8
  Use: Potion            |       |     1 ||     1
  Eat: Ration            |     1 |       ||     1
Armor: Scale mail        |    75 |     5 ||    80
Dodge: Dodged            |    68 |     7 ||    75
Block: Shield            |    89 |    10 ||    99
